 Dungeon Crawl Stone Soup version 0.23.2-30-g0e89c35649 (webtiles) character file.

Game seed: 12073079558658682870

30 Dasit the Chopper (level 3, 28/28 HPs)
             Began as a Demonspawn Gladiator on June 15, 2019.
             Quit the game on level 1 of the Dungeon.
             The game lasted 00:00:57 (635 turns).

Dasit the Chopper (Demonspawn Gladiator)             Turns: 635, Time: 00:00:58

Health: 28/28      AC:  4    Str: 15    XL:     3   Next: 3%
Magic:  3/3        EV: 13    Int:  9    God:
Gold:   0          SH:  0    Dex: 14    Spells: 2/2 levels left

rFire    . . .     SeeInvis .   a - +0 war axe
rCold    . . .     Gourm    .   (no shield)
rNeg     . . .     Faith    .   b - +0 leather armour
rPois    .         Spirit   +   c - +0 helmet
rElec    .         Reflect  .   (no cloak)
rCorr    .         Harm     .   (no gloves)
MR       .....                  (no boots)
Stlth    +.........             (no amulet)
HPRegen  0.09/turn              (no ring)
MPRegen  0.08/turn              (no ring)

@: no status effects
A: spiny 1, magic shield
a: no special abilities


You were on level 1 of the Dungeon.
You were not hungry.

You visited 1 branch of the dungeon, and saw 1 of its levels.

Inventory:

Hand Weapons
 a - a +0 war axe (weapon)
Missiles
 d - 2 throwing nets (quivered)
Armour
 b - a +0 leather armour (worn)
 c - a +0 helmet (worn)
Scrolls
 h - a scroll of enchant armour {unknown}
 k - a scroll of remove curse {unknown}
 l - a scroll of identify {unknown}
Potions
 e - 2 potions of curing {unknown}
 i - a potion of ambrosia {unknown}
 j - a potion of magic {unknown}
Comestibles
 f - a ration
 g - 6 chunks of flesh


   Skills:
 * Level 2.3 Fighting
 + Level 3.2 Axes
 - Level 1.7 Throwing
 * Level 0.8 Armour
 + Level 3.0 Dodging


You had 2 spell levels left.
You didn't know any spells.
Your spell library was empty.

Dungeon Overview and Level Annotations

Branches:
Dungeon (1/15)

Altars:


Innate Abilities, Weirdness & Mutations

You are partially covered in sharp spines.
When hurt, damage is shared between your health and your magic reserves.


Message History

Your experience leads to an increase in your attributes!
Increase (S)trength, (I)ntelligence, or (D)exterity?
You feel stronger.
Your demonic ancestry asserts itself...
You feel your magical essence form a protective shroud around your flesh.
A bat and a giant cockroach come into view.
There are monsters nearby!
There are monsters nearby!
The giant cockroach is struck by your spines.
The giant cockroach bites you but does no damage.
You closely miss the giant cockroach.
The giant cockroach is heavily wounded.
The bat hits you but does no damage. The giant cockroach misses you.
You closely miss the giant cockroach.
The giant cockroach is heavily wounded.
The giant cockroach is struck by your spines.
The giant cockroach bites you but does no damage.
The bat is struck by your spines. The bat closely misses you.
The giant cockroach is struck by your spines.
You kill the giant cockroach!
Are you sure you want to abandon this character and quit the game? (Confirm with "yes".)

...# ....... #...#
#......#.......
#...#
#.....##.......
#...#
#.....##.......
#...###
#.....##.......
+.)....
+.....+........
..###.#
#.....##b..#
....#.# #........#
#.###.# #......#@#
#.# #.# #....#.#†#
#.# #.# ###.######
#.###.#####.#.#
#.............#
#...............#
#..................
##.................
#.....(...........


You could see a bat.

Vanquished Creatures
  An ooze (D:1)
  A leopard gecko (D:1)
  4 giant cockroaches (D:1)
  2 goblins (D:1)
  5 hobgoblins (D:1)
  4 bats (D:1)
  A frilled lizard (D:1)
  3 kobolds (D:1)
  2 rats (D:1)
23 creatures vanquished.

Notes
Turn   | Place    | Note
-------+----------+-------------------------------------------
     0 | D:1      | Dasit the Demonspawn Gladiator began the quest for the Orb.
     0 | D:1      | Reached XP level 1. HP: 16/16 MP: 1/1
   223 | D:1      | Gained mutation: You are partially covered in sharp spines.
                  | [demonic ancestry]
   223 | D:1      | Reached XP level 2. HP: 22/22 MP: 2/2
   626 | D:1      | Gained mutation: When hurt, damage is shared between your
                  | health and your magic reserves. [demonic ancestry]
   626 | D:1      | Reached XP level 3. HP: 28/28 MP: 3/3
   635 | D:1      | Quit the game

Skill      XL: |  1  2 |
---------------+-------+-----
Axes           | 3 |  3.2
Dodging        | 3 |  3.0
Fighting       | |  2.3
Throwing       | |  1.7
Armour         | |  0.8

Action                   || total
-------------------------++-------
Melee: War axe           ||    56
Throw: Throwing net      ||     2
Armor: Leather armour    ||    30
Dodge: Dodged            ||    41
